 Dungeon Crawl Stone Soup version 0.26-a0-1131-g5f66e2dd50 (webtiles) character file.

Game seed: 12181647352899014311

2379 Adamkad1 the Blocker (level 9, -3/71 HPs)
             Began as a Formicid Fighter on Dec 19, 2020.
             Was an Initiate of Gozag.
             Slain by a two-headed ogre
             ... wielding a +0 giant club
              (19 damage)
             ... on level 8 of the Dungeon.
             The game lasted 00:09:36 (8746 turns).

Adamkad1 the Blocker (Formicid Fighter)             Turns: 8746, Time: 00:09:36

Health: -3/71      AC: 11    Str: 24    XL:     9   Next: 73%
Magic:  0/9        EV: 10    Int:  8    God:    Gozag
Gold:   1140       SH: 11    Dex: 10    Spells: 8/8 levels left

rFire    + . .     SeeInvis +   a - +0 quarterstaff
rCold    . . .     Faith    .   c - +0 kite shield
rNeg     . . .     Spirit   +   b - +1 scale mail
rPois    .         Reflect  .   (helmet unavailable)
rElec    .         Harm     .   (no cloak)
rCorr    .         Rampage  .   (no gloves)
Will     .....                  v - +1 pair of boots
Stlth    ..........             z - amulet of guardian spirit
HPRegen  0.21/turn              q - ring of wizardry
MPRegen  0.11/turn              y - ring of protection from fire

@: no status effects
A: permanent stasis, dig shafts and tunnels, four strong arms, antennae 3
a: Dig, Shaft Self, Renounce Religion, Potion Petition, Call Merchant, Bribe
Branch


You were on level 8 of the Dungeon.
You worshipped Gozag.
Gozag was most pleased with you.
You visited 1 branch of the dungeon, and saw 8 of its levels.

You collected 1186 gold pieces.
You paid 46 gold pieces to Gozag.

Inventory:

Hand Weapons
 a - a +0 quarterstaff (weapon)
Armour
 b - a +1 scale mail (worn)
 c - a +0 kite shield (worn)
 v - a +1 pair of boots (worn)
Jewellery
 l - an uncursed amulet of magic regeneration
 q - a ring of wizardry (left hand)
 t - an uncursed ring of wizardry
 y - a ring of protection from fire (right hand)
 z - an amulet of guardian spirit (around neck)
Scrolls
 e - 7 scrolls of identify
 f - 3 scrolls of enchant armour
 g - 7 scrolls of remove curse
 k - 3 scrolls of blinking {unknown}
 n - 3 scrolls of teleportation {unknown}
 o - 2 scrolls of amnesia {unknown}
 p - a scroll of random uselessness {unknown}
 r - a scroll of fog {unknown}
 D - a scroll of immolation {unknown}
 F - a scroll of torment {unknown}
Potions
 d - a potion of might
 h - a potion of brilliance {unknown}
 i - 2 potions of invisibility {unknown}
 j - a potion of haste {unknown}
 m - 4 potions of magic
 s - 3 potions of berserk rage {unknown}
 u - a potion of mutation {unknown}
 w - a potion of flight {unknown}
 x - a potion of curing
 A - 3 potions of heal wounds {unknown}
 B - a potion of degeneration {unknown}
 C - 2 potions of lignification {unknown}
 E - 2 potions of attraction {unknown}


   Skills:
 + Level 6.9 Fighting
 * Level 7.0 Staves
 + Level 6.9 Armour
 * Level 9.0 Shields


You had 8 spell levels left.
You didn't know any spells.
Your spell library contained the following spells:

 Spells                   Type           Power        Failure   Level
 Animate Skeleton         Necr           0%           34%         1
 Pain                     Necr           0%           34%         1
 Vampiric Draining        Necr           0%           71%         3
 Animate Dead             Necr           0%           97%         4
 Agony                    Necr           0%           100%        5


Dungeon Overview and Level Annotations

Branches:
Dungeon (8/15)             Temple (0/1) D:6
   Lair: D:8-11

Altars:
Gozag
Okawaru
Ru
Xom
Zin
The Shining One

Shops:
D:7 *

Annotations:
D:4 2 transporters
D:8 Psyche


Innate Abilities, Weirdness & Mutations

You cannot be hasted, slowed, berserked, paralysed or teleported.
You can dig through walls and to a lower floor.
Your four strong arms can wield two-handed weapons with a shield.
You have a pair of large antennae on your head. (SInv)


Message History

You sock the two-headed ogre!
The two-headed ogre is lightly wounded.
The two-headed ogre hits you with a +0 giant club!
You block the two-headed ogre's attack.
You sock the two-headed ogre!
The two-headed ogre is moderately wounded.
You block the two-headed ogre's attack. The two-headed ogre barely misses you.
You hit the two-headed ogre but do no damage.
The two-headed ogre is moderately wounded.
You hit the two-headed ogre but do no damage.
The two-headed ogre is moderately wounded.
The two-headed ogre hits you with a +0 giant club!!
The two-headed ogre hits you with a cursed -2 giant spiked club!
You hit the two-headed ogre.
The two-headed ogre is moderately wounded.
The two-headed ogre hits you with a +0 giant club!!
* * * LOW HITPOINT WARNING * * *
The two-headed ogre hits you with a cursed -2 giant spiked club!!
You die...
Your body crumbles into a pile of gold.

### #<# #.# #.#
#.# #.# ########
#.# #..@O..#
##.######.####'###
#..........##....#
#########..#.....#
#..#.....#
#..#.....# ###
#..#....{# ....
#..#.....# .....
#####.....##......


You could see a two-headed ogre.

Vanquished Creatures
  Maggie (D:7)
  Eustachio (D:5)
  2 sky beasts
  A phantom (D:6)
  5 ogres
  A centaur (D:6)
  A big kobold (D:7)
  A scorpion (D:5)
  A howler monkey (D:7)
  2 orc priests
  5 orc wizards
  3 bullfrog skeletons
  6 iguanas
  11 worker ants
  A killer bee zombie (D:7)
  A hound zombie (D:7)
  7 gnolls
  7 adders
  3 white imps
  2 ufetubi
  2 oozes
  An adder zombie (D:7)
  3 adder skeletons
  4 dart slugs
  3 leopard geckos
  20 orcs
  5 giant cockroaches
  2 goblins
  7 hobgoblins
  4 jackals (D:6)
  2 quokkas
  4 ball pythons
  8 bats
  7 frilled lizards
  9 kobolds
  A quokka skeleton (D:4)
  2 quokka zombies
  6 rats
152 creatures vanquished.

Notes
Turn   | Place    | Note
-------+----------+-------------------------------------------
     0 | D:1      | Adamkad1 the Formicid Fighter began the quest for the Orb.
     0 | D:1      | Reached XP level 1. HP: 18/18 MP: 1/1
    82 | D:1      | Reached XP level 2. HP: 21/24 MP: 2/2
   368 | D:1      | Reached skill level 4 in Shields
   368 | D:1      | Reached XP level 3. HP: 24/29 MP: 3/3
   858 | D:2      | Noticed a phantom
  1251 | D:2      | Found a glowing golden altar of the Shining One.
  1500 | D:2      | Reached XP level 4. HP: 36/37 MP: 4/4
  2171 | D:2      | Reached XP level 5. HP: 17/42 MP: 5/5
  2529 | D:3      | Found a sacrificial altar of Ru.
  2628 | D:3      | Found an opulent altar of Gozag.
  2799 | D:3      | Became a worshipper of Gozag Ym Sagoz the Greedy
  2816 | D:4      | Found a transporter.
  2845 | D:4      | Found a transporter.
  2896 | D:4      | Reached XP level 6. HP: 39/49 MP: 6/6
  3179 | D:4      | Noticed an ogre
  3215 | D:4      | Killed an ogre
  3216 | D:4      | Reached skill level 5 in Shields
  3525 | D:4      | Reached XP level 7. HP: 37/55 MP: 7/7
  3527 | D:4      | Reached skill level 5 in Armour
  3533 | D:4      | Reached skill level 5 in Fighting
  4300 | D:5      | Entered Level 5 of the Dungeon
  4338 | D:5      | Reached skill level 6 in Shields
  4660 | D:5      | Reached XP level 8. HP: 49/63 MP: 8/8
  4973 | D:5      | Noticed Eustachio
  5288 | D:6      | Reached skill level 5 in Staves
  5443 | D:6      | Found a staircase to the Ecumenical Temple.
  5619 | D:6      | Reached skill level 7 in Shields
  5881 | D:6      | Found an iron altar of Okawaru.
  5953 | D:6      | Reached XP level 9. HP: 52/69 MP: 9/9
  6112 | D:5      | Found a shimmering altar of Xom.
  6576 | D:5      | Killed Eustachio
  6577 | D:5      | Reached skill level 8 in Shields
  6838 | D:6      | Found a glowing silver altar of Zin.
  7023 | D:7      | Found Tuug's Assorted Antiques.
  7632 | D:7      | Noticed Maggie
  7654 | D:7      | Killed Maggie
  8054 | D:8      | Noticed a two-headed ogre
  8505 | D:8      | Reached skill level 9 in Shields
  8576 | D:8      | Noticed a death yak
  8576 | D:8      | Noticed Psyche
  8576 | D:8      | Noticed a death yak
  8576 | D:8      | Noticed a death yak
  8746 | D:8      | Slain by a two-headed ogre

Illustrated notes

Levels and vault maps discovered:
D:1:      tarquinn_simple_flora_water_c, layout_basic
D:2:      layout_rooms, nicolae_tso_carved_into_rock, serial_rivers,
          chequers_serial_rivers_micro_d, chequers_serial_rivers_small_b,
          chequers_serial_rivers_micro_c, chequers_serial_rivers_small_3,
          chequers_serial_rivers_room_b, kennysheep_generic_room_2
D:3:      layout_basic, general_overflow_altar,
          nicolae_gozag_cash_rules_everything_around_me
D:4:      gammafunk_steamed_eel, layout_basic, minmay_vboxes
D:5:      layout_basic, nicolae_overflow_crystal_walls, uniq_eustachio
D:6:      layout_loops_ring, nicolae_overflow_hidden_temple,
          minmay_temple_entry_junction, basic_altar
D:7:      layout_gridville, serial_shops, nicolae_shop_statue_plus, uniq_maggie
D:8:      layout_basic, dpeg_lair_monsters, uniq_psyche

Skill      XL: |  1  2  3  4  5  6  7  8  9 |
---------------+----------------------------+-----
Shields        | 4 5 6 7 9 |  9.0
Armour         | 4 5 6 |  6.9
Fighting       | 4 5 6 |  6.9
Staves         | 3 4 5 7 |  7.0

Action                   |  1- 3 |  4- 6 |  7- 9 || total
-------------------------+-------+-------+-------++-------
Melee: Quarterstaff      |    96 |   120 |   528 ||   744
 Abil: Dig               |       |       |     9 ||     9
  Use: Scroll            |       |     1 |     2 ||     3
 Stab: Distracted        |       |       |     1 ||     1
Armor: Scale mail        |    37 |    45 |   137 ||   219
Dodge: Dodged            |    35 |    32 |   143 ||   210
Block: Kite shield       |    41 |    58 |   293 ||   392

Table legend: (Time is in decaauts)
 A = Elapsed time spent in this place.
 B = Non-inter-level travel time spent in this place.
 C = Inter-level travel time spent in this place.
 D = Time resting spent in this place.
 E = Time spent auto-exploring this place.
 F = Levels seen in this place.
 G = Mean time per level.
                   A        B        C        D        E       F      G
               +--------+--------+--------+--------+--------+-----+--------+
         Total |   8833 |   8555 |    278 |   2336 |   4432 |   8 | 1104.1 |
       Dungeon |   8833 |   8555 |    278 |   2336 |   4432 |   8 | 1104.1 |
               +--------+--------+--------+--------+--------+-----+--------+

Top non-repeatable levels by time:
     D:4: 1509 daAuts
     D:5: 1483 daAuts
     D:2: 1366 daAuts
     D:7: 1351 daAuts
     D:6: 1255 daAuts
     D:1: 905 daAuts
     D:3: 587 daAuts
     D:8: 374 daAuts
